 Dungeon Crawl Stone Soup version 0.20-a0-972-gb9bd3e6 (webtiles) character file.

74 nikopol the Firebug (level 4, -1/24 HPs)
             Began as a Deep Elf Fire Elementalist on Apr 9, 2017.
             Slain by an adder (5 damage)
             ... on level 2 of the Dungeon.
             The game lasted 00:08:43 (1798 turns).

nikopol the Firebug (Deep Elf Fire Elementalist)    Turns: 1798, Time: 00:08:44

Health: -1/24      AC:  4    Str:  5    XL:     4   Next: 10%
Magic:  3/11       EV: 12    Int: 21    God:
Gold:   55         SH:  0    Dex: 15    Spells: 9/10 levels left

rFire    + . .     SeeInvis .   d - +0 short sword
rCold    x . .     Gourm    .   (no shield)
rNeg     . . .     Faith    .   e - +0 leather armour
rPois    +         Spirit   .   p - +0 helmet
rElec    .         Reflect  .   (no cloak)
rCorr    .         Harm     .   (no gloves)
MR       .....                  (no boots)
Stlth    ++........             (no amulet)
Regen    0.1/turn               j - ring of fire
MPRegen  0.2/turn               l - ring of poison resistance

@: lethally poisoned (-1 -> -3), very slightly contaminated
A: no striking features
a: no special abilities


You were on level 2 of the Dungeon.
You were hungry.

You visited 1 branch of the dungeon, and saw 2 of its levels.

You collected 55 gold pieces.

Inventory:

Hand Weapons
 d - a +0 short sword (weapon)
Armour
 a - a +0 robe
 e - a +0 leather armour (worn)
 p - a +0 helmet (worn)
Jewellery
 j - a ring of fire (left hand)
 l - a ring of poison resistance (right hand)
 u - an uncursed amulet of the gourmand {unknown}
Scrolls
 i - 2 scrolls of enchant weapon {unknown}
 k - a scroll of amnesia {unknown}
 m - a scroll of teleportation {unknown}
 n - a scroll of enchant armour {unknown}
 o - a scroll of remove curse {unknown}
 q - 2 scrolls of identify {unknown}
Potions
 g - a potion of degeneration {unknown}
 h - a potion of heal wounds {unknown}
 r - a potion of haste {unknown}
 s - 2 potions of cancellation {unknown}
 t - a potion of might
 v - 2 potions of lignification {unknown}
Books
 b - a book of Flames

   Spells                             Type                      Level
   a - Flame Tongue                   Conjuration/Fire             1
   b - Throw Flame                    Conjuration/Fire             2
   c - Conjure Flame                  Conjuration/Fire             3
   d - Inner Flame                    Hexes/Fire                   3
   e - Sticky Flame                   Conjuration/Fire             4
   f - Fireball                       Conjuration/Fire             5
Comestibles
 c - 5 bread rations
 f - 2 meat rations
 w - 2 chunks of flesh


   Skills:
 + Level 0.5 Armour
 + Level 3.2 Dodging
 - Level 2.8 Stealth
 * Level 3.8 Spellcasting
 + Level 2.0 Conjurations
 * Level 3.9 Fire Magic


You had 9 spell levels left.
You knew the following spells:

 Your Spells              Type           Power        Failure   Level  Hunger
a - Flame Tongue          Conj/Fire      ###..        10%         1    None


Dungeon Overview and Level Annotations

Branches:
Dungeon (2/15)

Altars:
Dithmenos
Fedhas


Message History

You feel sick. The adder bites you.
* * * LOW HITPOINT WARNING * * *
The adder barely misses you.
Casting: Flame Tongue
Confirm with . or Enter, or press ? or * to list all spells.
Aiming: Flame Tongue
Press: ? - help, Shift-Dir - straight line, f - adder
Aim: an adder You feel a surge of power!
The flame tongue misses the adder.
You feel sick. The adder bites you but does no damage.
Casting: Flame Tongue
Confirm with . or Enter, or press ? or * to list all spells.
Aiming: Flame Tongue
Press: ? - help, Shift-Dir - straight line, f/p - adder
Aim: an adder You feel a surge of power!
The flame tongue hits the adder.
The adder appears unharmed.
You are feeling hungry.
The adder bites you.
You die...

....##........## #############...
.#..##.###.###.###.....#.........
.#..##.# #.# ##........'.#.##..##
.#..##.###.# #.##.....#)#.#.....
...........# #.##.....#.#.##..##
.......###.# #.########...##..##
.#..######.####g# #.# #...##.(##
......###.....#S####.###...##..##
........'.....+.@................
.#.#..###.....#............##..##
...#...........................##
.###...#........##.#.##.#.#.#....
.##....#.......###.#...........##
.......#.......###.#...........#
.##...>#.......#...............#
...............#.#.#.........>.##
.##.#..#..._...#.#...............


You could see an adder and a hobgoblin.

Vanquished Creatures
  2 adders (D:2)
  An ooze (D:1)
  A worm (D:2)
  A dart slug (D:2)
  3 ball pythons
  6 bats
  6 goblins
  4 hobgoblins
  13 kobolds
  7 frilled lizards
  4 rats
48 creatures vanquished.

Notes
Turn   | Place    | Note
-------+----------+-------------------------------------------
     0 | D:1      | nikopol the Deep Elf Fire Elementalist began the quest for the Orb.
     0 | D:1      | Reached XP level 1. HP: 10/10 MP: 6/6
   321 | D:1      | Reached XP level 2. HP: 15/15 MP: 6/8
   778 | D:1      | Reached XP level 3. HP: 18/19 MP: 0/9
  1098 | D:1      | Found a blossoming altar of Fedhas.
  1352 | D:2      | Found a shadowy altar of Dithmenos.
  1792 | D:2      | Reached XP level 4. HP: 9/24 MP: 4/11
  1798 | D:2      | Slain by an adder

Vault maps used:
D:1:      lightli_arrival_boilingwater, serial_forest,
          infiniplex_forest_straight_1, infiniplex_forest_lined_corner,
          infiniplex_forest_lined_2, infiniplex_forest_lined_room_3,
          infiniplex_forest_clump_cross, infiniplex_forest_straight_3,
          infiniplex_forest_corner_2, infiniplex_forest_clump_small,
          kennysheep_flooded_box, hangedman_decor_peaks_small,
          hangedman_decor_growths
D:2:      overflow_temple_1_default, minmay_split_cup_large,
          uniq_crazy_yiuf_cottage

Skill      XL: |  1  2  3 |
---------------+----------+-----
Dodging        | 3 |  3.2
Conjurations   | 2 |  2.0
Armour         | |  0.5
Stealth        | |  2.8
Spellcasting   | |  3.8
Fire Magic     | |  3.9

Action                   |  1- 3 |  4- 6 || total
-------------------------+-------+-------++-------
Melee: Short sword       |     1 |       ||     1
 Cast: Flame Tongue      |    80 |     3 ||    83
  Eat: Chunk             |     2 |       ||     2
Armor: Robe              |     1 |       ||     1
       Leather armour    |     6 |     1 ||     7
Dodge: Dodged            |    29 |     1 ||    30
